 Dungeon Crawl Stone Soup version 0.23-a0-373-g305c090 (webtiles) character file.

6511 Gorice the Protected (level 11, -8/82 HPs)
             Began as a Gnoll Wanderer on Oct 24, 2018.
             Was a Priest of Okawaru.
             Mangled by a spiny frog (16 damage)
             ... on level 1 of the Lair of Beasts on Oct 25, 2018.
             The game lasted 00:37:31 (10766 turns).

Gorice the Protected (Gnoll Wanderer)              Turns: 10766, Time: 00:37:31

Health: -8/82      AC: 20    Str: 18    XL:     11   Next: 0%
Magic:  18/19      EV: 14    Int: 14    God:    Okawaru [***...]
Gold:   461        SH:  0    Dex: 15    Spells: 21/21 levels left

rFire    . . .     SeeInvis .   a - +1 flail (holy)
rCold    + . .     Gourm    .   (no shield)
rNeg     . . .     Faith    .   G - +0 chain mail
rPois    .         Spirit   .   (no helmet)
rElec    .         Reflect  .   J - scarf {cloud immunity}
rCorr    .         Harm     .   E - +1 pair of gloves
MR       .....                  (no boots)
Stlth    ++........             (no amulet)
HPRegen  0.23/turn              g - +4 ring of protection
MPRegen  0.16/turn              c - ring of protection from cold

@: lethally poisoned (-8 -> -38), heroism
A: distributed training, fangs 1, strong nose
a: Heroism, Renounce Religion


You were on level 1 of the Lair of Beasts.
You worshipped Okawaru.
Okawaru was most pleased with you.
You were not hungry.

You visited 3 branches of the dungeon, and saw 10 of its levels.

You collected 461 gold pieces.

Inventory:

Hand Weapons
 a - a +1 flail of holy wrath (weapon)
   (You took it off a gnoll on level 4 of the Dungeon)
 b - a +0 hand crossbow
 h - a +2 falchion of flaming
   (You took it off an orc on level 5 of the Dungeon)
 B - a +2 blowgun
Missiles
 e - 9 bolts
 i - 9 curare-tipped needles
 k - 7 needles of sleeping
 n - 6 javelins (quivered)
 Y - 206 stones
 Z - a throwing net {!f}
Armour
 E - a +1 pair of gloves (worn)
 G - a +0 chain mail (worn)
 J - a scarf of cloud immunity (worn)
   (You found it on level 6 of the Dungeon)
Jewellery
 c - a ring of protection from cold (right hand)
 g - a +4 ring of protection (left hand)
Wands
 v - a wand of flame (61)
 F - a wand of polymorph (5)
Scrolls
 j - 2 scrolls of blinking
 m - a scroll of teleportation {!r}
 p - a scroll of identify
 r - 2 scrolls of magic mapping {!r}
 t - 5 scrolls of remove curse
 Q - a scroll of fear {!r}
Potions
 l - a potion of mutation {!q}
 o - 3 potions of curing
 q - 3 potions of heal wounds {!q}
 w - a potion of haste {!q}
 x - 3 potions of lignification {!q}
 z - 2 potions of agility {!q}
 A - 2 potions of magic {!q}
 N - a potion of might {!q}
 P - a potion of flight
Comestibles
 d - 7 chunks of flesh
 f - 14 rations


   Skills:
 + Level 6.3(11.3) Fighting
 + Level 5.7(10.7) Short Blades
 + Level 5.7(10.7) Long Blades
 + Level 5.7(10.7) Axes
 + Level 6.3(11.3) Maces & Flails
 + Level 5.7(10.7) Polearms
 + Level 5.7(10.7) Staves
 + Level 5.7(10.7) Slings
 + Level 5.7(10.7) Bows
 + Level 6.3(11.3) Crossbows
 + Level 6.3(11.3) Throwing
 + Level 11.6(16.6) Armour
 + Level 5.7(10.7) Dodging
 + Level 6.2(11.2) Stealth
 + Level 5.7(10.7) Shields
 + Level 5.7(10.7) Unarmed Combat
 + Level 5.7 Spellcasting
 + Level 4.7 Conjurations
 + Level 4.7 Hexes
 + Level 4.7 Charms
 + Level 4.7 Summonings
 + Level 4.7 Necromancy
 + Level 4.7 Translocations
 + Level 4.7 Transmutations
 + Level 4.7 Fire Magic
 + Level 4.7 Ice Magic
 + Level 4.7 Air Magic
 + Level 4.7 Earth Magic
 + Level 4.7 Poison Magic
 + Level 6.2 Invocations
 + Level 5.7 Evocations


You had 21 spell levels left.
You didn't know any spells.
Your spell library was empty.

Dungeon Overview and Level Annotations

Branches:
Dungeon (8/15)             Temple (1/1) D:4            Lair (1/6) D:8

Altars:
Ashenzari
Cheibriados
Dithmenos
Elyvilon
Fedhas
Gozag
Hepliaklqana
Kikubaaqudgha
Makhleb
Nemelex Xobeh
Okawaru
Qazlal
Ru
Sif Muna
Trog
Uskayaw
Vehumet
Wu Jian
Xom
Yredelemnul
Zin
The Shining One


Innate Abilities, Weirdness & Mutations

Your experience applies equally to all skills.
You have very sharp teeth.
Your uncanny sense of smell can sniff out nearby items.


Message History

You hit the spiny frog.
The spiny frog is heavily wounded.
You feel sick. The spiny frog stings you.
You are more poisoned.
The spiny frog poisons you!
Damage: 3 (max 6) Unknown command.
Your chain mail prevents you from hitting the spiny frog.
You bite the spiny frog, but do no damage.
The spiny frog is heavily wounded.
You feel sick. The spiny frog misses you.
Damage: 1 (max 6)
You hit the spiny frog.
The spiny frog is heavily wounded.
You feel sick. The spiny frog stings you!
You are more poisoned.
The spiny frog poisons you!
Damage: 17 (max 17)
You closely miss the spiny frog.
The spiny frog is heavily wounded.
You feel very sick. The spiny frog barely misses you.
Damage: 3 (max 17) Unknown command.
Your chain mail prevents you from hitting the spiny frog.
You bite the spiny frog, but do no damage.
The spiny frog is heavily wounded.
* * * LOW HITPOINT WARNING * * *
You feel very sick. The spiny frog stings you!
* * * LOW HITPOINT WARNING * * *
Damage: 18 (max 18)
You closely miss the spiny frog.
The spiny frog is heavily wounded.
* * * LOW HITPOINT WARNING * * *
You feel very sick. The spiny frog stings you!
* * * LOW HITPOINT WARNING * * *
Damage: 12 (max 18)
You hit the spiny frog. Your punch misses the spiny frog.
The spiny frog is heavily wounded.
* * * LOW HITPOINT WARNING * * *
You feel sick. The spiny frog barely misses you.
Damage: 2 (max 18)
You hit the spiny frog.
The spiny frog is severely wounded.
* * * LOW HITPOINT WARNING * * *
You feel very sick. The spiny frog closely misses you.
The spiny frog stings you!
You die...

.†)......... P...........
#............ ∆
#............
#............∆
#.#.#####.##. ##### ..#.
######.#+ ...######........
########+P#.@FFt....$..
#.........#.###........
####.........#.# #.....$..
#..'...........###........
##..#.........##.##........
...####.#+P#.######........
#### ###.#### #........ ...
####.#P.P ##.#


You could see a spiny frog, a crocodile and a bullfrog.

Vanquished Creatures
  A two-headed ogre (D:8)
  Joseph (D:7)
  A spiny frog (Lair:1)
  A rime drake (D:8)
  A kobold demonologist (D:8)
  A komodo dragon (D:8)
  2 hippogriffs (D:8)
  6 yaks
  4 porcupines
  2 ice beasts
  2 necrophages
  A black bear (D:7)
  A phantom (D:6)
  2 ogres
  3 centaurs
  A crocodile (Lair:1)
  A big kobold (D:8)
  Blork the orc (D:4)
  A gnoll sergeant (D:7)
  2 bullfrogs (D:6)
  7 scorpions
  6 howler monkeys
  5 crimson imps
  3 jellies
  An orc priest (D:8)
  4 orc wizards
  2 hounds
  A centaur skeleton (D:7)
  Ijyb (D:5)
  2 iguanas
  5 worker ants
  A hound skeleton (D:6)
  18 gnolls
  8 adders
  6 shadow imps
  An ooze (D:4)
  2 adder skeletons (D:8)
  A worm (D:4)
  2 dart slugs
  2 leopard geckos
  11 orcs
  3 giant cockroaches
  3 goblins
  6 hobgoblins
  3 jackals (D:2)
  11 kobolds
  A quokka (D:5)
  11 bats
  5 frilled lizards (D:1)
  A leopard gecko zombie (D:8)
  4 rats
172 creatures vanquished.

Vanquished Creatures (others)
  An adder (D:5)
  An orc (D:5)
2 creatures vanquished.

Grand Total: 174 creatures vanquished

Notes
Turn   | Place    | Note
-------+----------+-------------------------------------------
     0 | D:1      | Reached skill level 10 in Armour
     0 | D:1      | Gorice the Gnoll Wanderer began the quest for the Orb.
     0 | D:1      | Gorice set off with: 2 curare-tipped needles, a +2 blowgun,
                  | a +0 ring mail, a +0 hand crossbow, 24 bolts, a ration
     0 | D:1      | Reached XP level 1. HP: 17/17 MP: 1/1
   284 | D:1      | Reached XP level 2. HP: 23/23 MP: 2/2
   878 | D:2      | HP: 4/23 [gnoll/+0 flail (6)]
   879 | D:2      | Reached XP level 3. HP: 5/28 MP: 3/3
   893 | D:2      | HP: 5/28 [bat (1)]
  1297 | D:2      | HP: 7/28 [adder (2)]
  1299 | D:2      | Reached skill level 1 in Invocations
  1305 | D:2      | HP: 5/28 [poisoned by an adder]
  1313 | D:2      | HP: 4/28 [poisoned by an adder]
  1721 | D:2      | Reached skill level 1 in Short Blades
  1721 | D:2      | Reached skill level 1 in Long Blades
  1721 | D:2      | Reached skill level 1 in Axes
  1721 | D:2      | Reached skill level 1 in Polearms
  1721 | D:2      | Reached skill level 1 in Staves
  1721 | D:2      | Reached skill level 1 in Slings
  1721 | D:2      | Reached skill level 1 in Bows
  1721 | D:2      | Reached skill level 1 in Dodging
  1721 | D:2      | Reached skill level 1 in Shields
  1721 | D:2      | Reached skill level 1 in Unarmed Combat
  1721 | D:2      | Reached skill level 1 in Spellcasting
  1721 | D:2      | Reached skill level 1 in Evocations
  1721 | D:2      | Reached XP level 4. HP: 32/34 MP: 5/5
  1779 | D:2      | Found a sacrificial altar of Ru.
  1779 | D:2      | Found a radiant altar of Vehumet.
  1779 | D:2      | Found a shadowy altar of Dithmenos.
  1779 | D:2      | Found a blossoming altar of Fedhas.
  2254 | D:3      | Reached skill level 1 in Conjurations
  2254 | D:3      | Reached skill level 1 in Hexes
  2254 | D:3      | Reached skill level 1 in Charms
  2254 | D:3      | Reached skill level 1 in Summonings
  2254 | D:3      | Reached skill level 1 in Necromancy
  2254 | D:3      | Reached skill level 1 in Translocations
  2254 | D:3      | Reached skill level 1 in Transmutations
  2254 | D:3      | Reached skill level 1 in Fire Magic
  2254 | D:3      | Reached skill level 1 in Ice Magic
  2254 | D:3      | Reached skill level 1 in Air Magic
  2254 | D:3      | Reached skill level 1 in Earth Magic
  2254 | D:3      | Reached skill level 1 in Poison Magic
  2531 | D:3      | Reached XP level 5. HP: 28/40 MP: 6/6
  2661 | D:4      | Found a staircase to the Ecumenical Temple.
  2680 | Temple   | Entered the Ecumenical Temple
  2927 | D:4      | Noticed Blork the orc
  2938 | D:4      | Killed Blork the orc
  2938 | D:4      | Reached skill level 3 in Fighting
  2938 | D:4      | Reached skill level 3 in Maces & Flails
  2938 | D:4      | Reached skill level 3 in Crossbows
  2938 | D:4      | Reached skill level 3 in Throwing
  3077 | D:4      | Reached XP level 6. HP: 28/47 MP: 8/8
  3081 | D:4      | Reached skill level 3 in Stealth
  3081 | D:4      | Reached skill level 2 in Invocations
  3587 | D:4      | Reached skill level 2 in Short Blades
  3587 | D:4      | Reached skill level 2 in Long Blades
  3587 | D:4      | Reached skill level 2 in Axes
  3587 | D:4      | Reached skill level 2 in Polearms
  3587 | D:4      | Reached skill level 2 in Staves
  3587 | D:4      | Reached skill level 2 in Slings
  3587 | D:4      | Reached skill level 2 in Bows
  3587 | D:4      | Reached skill level 2 in Dodging
  3587 | D:4      | Reached skill level 2 in Shields
  3587 | D:4      | Reached skill level 2 in Unarmed Combat
  3587 | D:4      | Reached skill level 2 in Spellcasting
  3587 | D:4      | Reached skill level 2 in Evocations
  4060 | D:5      | Entered Level 5 of the Dungeon
  4195 | D:5      | Noticed a necrophage
  4213 | D:5      | Killed a necrophage
  4213 | D:5      | Reached XP level 7. HP: 32/52 MP: 10/10
  4221 | D:5      | HP: 10/52 [centaur/arrow (7)]
  4520 | D:5      | Reached skill level 2 in Conjurations
  4520 | D:5      | Reached skill level 2 in Hexes
  4520 | D:5      | Reached skill level 2 in Charms
  4520 | D:5      | Reached skill level 2 in Summonings
  4520 | D:5      | Reached skill level 2 in Necromancy
  4520 | D:5      | Reached skill level 2 in Translocations
  4520 | D:5      | Reached skill level 2 in Transmutations
  4520 | D:5      | Reached skill level 2 in Fire Magic
  4520 | D:5      | Reached skill level 2 in Ice Magic
  4520 | D:5      | Reached skill level 2 in Air Magic
  4520 | D:5      | Reached skill level 2 in Earth Magic
  4520 | D:5      | Reached skill level 2 in Poison Magic
  4569 | D:5      | Found an ornate altar of the Wu Jian Council.
  4660 | D:5      | Noticed Ijyb
  4672 | D:5      | Killed Ijyb
  4920 | D:5      | Found an ancient bone altar of Kikubaaqudgha.
  4975 | D:5      | Reached skill level 3 in Invocations
  5567 | D:6      | Reached XP level 8. HP: 59/60 MP: 12/12
  5599 | D:6      | Reached skill level 4 in Fighting
  5599 | D:6      | Reached skill level 4 in Maces & Flails
  5599 | D:6      | Reached skill level 4 in Crossbows
  5599 | D:6      | Reached skill level 4 in Throwing
  5627 | D:6      | Reached skill level 3 in Short Blades
  5627 | D:6      | Reached skill level 3 in Long Blades
  5627 | D:6      | Reached skill level 3 in Axes
  5627 | D:6      | Reached skill level 3 in Polearms
  5627 | D:6      | Reached skill level 3 in Staves
  5627 | D:6      | Reached skill level 3 in Slings
  5627 | D:6      | Reached skill level 3 in Bows
  5627 | D:6      | Reached skill level 3 in Dodging
  5627 | D:6      | Reached skill level 3 in Shields
  5627 | D:6      | Reached skill level 3 in Unarmed Combat
  5627 | D:6      | Reached skill level 3 in Spellcasting
  5627 | D:6      | Reached skill level 3 in Evocations
  5636 | D:6      | Got an ichor-stained ring mail
  5671 | D:6      | Identified the +1 ring mail "Zenemy" {rPois rN++ Stlth-}
                  | (You found it on level 6 of the Dungeon)
  5687 | D:6      | Found a hazy altar of Hepliaklqana.
  5841 | D:6      | Reached skill level 4 in Stealth
  6292 | D:6      | Reached skill level 3 in Conjurations
  6292 | D:6      | Reached skill level 3 in Hexes
  6292 | D:6      | Reached skill level 3 in Charms
  6292 | D:6      | Reached skill level 3 in Summonings
  6292 | D:6      | Reached skill level 3 in Necromancy
  6292 | D:6      | Reached skill level 3 in Translocations
  6292 | D:6      | Reached skill level 3 in Transmutations
  6292 | D:6      | Reached skill level 3 in Fire Magic
  6292 | D:6      | Reached skill level 3 in Ice Magic
  6292 | D:6      | Reached skill level 3 in Air Magic
  6292 | D:6      | Reached skill level 3 in Earth Magic
  6292 | D:6      | Reached skill level 3 in Poison Magic
  6292 | D:6      | Reached skill level 4 in Invocations
  6503 | D:7      | Reached XP level 9. HP: 66/66 MP: 14/14
  6537 | D:7      | Reached skill level 11 in Armour
  6652 | D:7      | Found an iron altar of Okawaru.
  6663 | D:7      | Became a worshipper of Warmaster Okawaru
  6889 | D:7      | Noticed Joseph
  6901 | D:7      | HP: 16/67 [Joseph/sling bullet (6)]
  6915 | D:7      | Killed Joseph
  6915 | D:7      | Reached skill level 4 in Short Blades
  6915 | D:7      | Reached skill level 4 in Long Blades
  6915 | D:7      | Reached skill level 4 in Axes
  6915 | D:7      | Reached skill level 4 in Polearms
  6915 | D:7      | Reached skill level 4 in Staves
  6915 | D:7      | Reached skill level 4 in Slings
  6915 | D:7      | Reached skill level 4 in Bows
  6915 | D:7      | Reached skill level 4 in Dodging
  6915 | D:7      | Reached skill level 4 in Shields
  6915 | D:7      | Reached skill level 4 in Unarmed Combat
  6915 | D:7      | Reached skill level 4 in Spellcasting
  6915 | D:7      | Reached skill level 4 in Evocations
  7043 | D:7      | Reached skill level 5 in Fighting
  7043 | D:7      | Reached skill level 5 in Maces & Flails
  7043 | D:7      | Reached skill level 5 in Crossbows
  7043 | D:7      | Reached skill level 5 in Throwing
  7112 | D:7      | Found a shattered altar of Ashenzari.
  7533 | D:7      | Found a shattered altar of Ashenzari.
  7607 | D:7      | Upgraded the game from 0.23-a0-370-gf497b7c to
                  | 0.23-a0-373-g305c090
  7642 | D:8      | Reached skill level 5 in Stealth
  7915 | D:7      | Reached * piety under Okawaru
  8052 | D:8      | Reached skill level 5 in Invocations
  8124 | D:8      | Noticed a kobold demonologist
  8138 | D:8      | Noticed a soul eater
  8143 | D:8      | Noticed an orange demon
  8146 | D:8      | Killed a kobold demonologist
  8146 | D:8      | Reached XP level 10. HP: 51/74 MP: 15/17
  8212 | D:8      | Reached ** piety under Okawaru
  8212 | D:8      | Reached skill level 4 in Conjurations
  8212 | D:8      | Reached skill level 4 in Hexes
  8212 | D:8      | Reached skill level 4 in Charms
  8212 | D:8      | Reached skill level 4 in Summonings
  8212 | D:8      | Reached skill level 4 in Necromancy
  8212 | D:8      | Reached skill level 4 in Translocations
  8212 | D:8      | Reached skill level 4 in Transmutations
  8212 | D:8      | Reached skill level 4 in Fire Magic
  8212 | D:8      | Reached skill level 4 in Ice Magic
  8212 | D:8      | Reached skill level 4 in Air Magic
  8212 | D:8      | Reached skill level 4 in Earth Magic
  8212 | D:8      | Reached skill level 4 in Poison Magic
  8523 | D:8      | Found a staircase to the Lair.
  8571 | D:8      | Noticed a two-headed ogre
  8585 | D:8      | HP: 13/75 [two-headed ogre/cursed +0 giant club (11)]
  8586 | D:8      | Killed a two-headed ogre
  8586 | D:8      | Reached skill level 5 in Short Blades
  8586 | D:8      | Reached skill level 5 in Long Blades
  8586 | D:8      | Reached skill level 5 in Axes
  8586 | D:8      | Reached skill level 5 in Polearms
  8586 | D:8      | Reached skill level 5 in Staves
  8586 | D:8      | Reached skill level 5 in Slings
  8586 | D:8      | Reached skill level 5 in Bows
  8586 | D:8      | Reached skill level 5 in Dodging
  8586 | D:8      | Reached skill level 5 in Shields
  8586 | D:8      | Reached skill level 5 in Unarmed Combat
  8586 | D:8      | Reached skill level 5 in Spellcasting
  8586 | D:8      | Reached skill level 5 in Evocations
  9278 | Lair:1   | Entered Level 1 of the Lair of Beasts
  9378 | D:8      | Reached skill level 6 in Fighting
  9378 | D:8      | Reached skill level 6 in Maces & Flails
  9378 | D:8      | Reached skill level 6 in Crossbows
  9378 | D:8      | Reached skill level 6 in Throwing
  9381 | D:8      | HP: 20/76 [komodo dragon (22)]
  9382 | D:8      | HP: 6/76 [komodo dragon (15)]
  9619 | Lair:1   | Noticed a spiny frog
  9634 | Lair:1   | Killed a spiny frog
  9634 | Lair:1   | Reached skill level 6 in Stealth
  9634 | Lair:1   | Reached skill level 6 in Invocations
  9634 | Lair:1   | HP: 21/76 [poisoned by a spiny frog]
  9639 | Lair:1   | HP: 14/76 [poisoned by a spiny frog]
  9644 | Lair:1   | HP: 9/76 [poisoned by a spiny frog]
  9649 | Lair:1   | HP: 6/76 [poisoned by a spiny frog]
  9654 | Lair:1   | HP: 4/76 [poisoned by a spiny frog]
  9660 | Lair:1   | HP: 3/76 [poisoned by a spiny frog]
  9667 | Lair:1   | HP: 3/76 [poisoned by a spiny frog]
  9675 | Lair:1   | HP: 3/76 [poisoned by a spiny frog]
 10229 | D:8      | Reached *** piety under Okawaru
 10692 | Lair:1   | Received a gift from Okawaru
 10692 | Lair:1   | Reached XP level 11. HP: 63/82 MP: 19/19
 10763 | Lair:1   | HP: 24/82 [spiny frog (15)]
 10765 | Lair:1   | HP: 10/82 [poisoned by a spiny frog]
 10766 | Lair:1   | Mangled by a spiny frog

Vault maps used:
D:1:      tarquinn_simple_flora_water_a, hex_medium,
          chequers_serial_rivers_small_b
D:2:      chequers_temple_overflow_statue_of_worship
D:3:      chequers_serial_rivers_micro_d
D:4:      minmay_temple_entry_large_hall, kennysheep_diamond, uniq_blork_the_orc
D:5:      old_standard_altar, serial_corexii_hall, corexii_hall_statues_t,
          corexii_hall_statues_x, first_ration, minmay_misc_feat_hallway,
          roderic_lattice_a, dk_vineyard_2, grunt_ministairs_6,
          serial_park_tiny_2, minmay_ruined_shrine, uniq_ijyb
D:6:      old_standard_altar, kennysheep_opposing_triangles
D:7:      kennysheep_mini, kennysheep_little_box, cheibrodos_ashenzari_chains,
          uniq_joseph
D:8:      lair_entry_dummy, grunt_ministairs_15
Temple:   minmay_temple_curvy_branch

Skill      XL: |  1  2  3  4  5  6  7  8  9 10 |
---------------+-------------------------------+-----
Armour         | 11 | 11.6
Invocations    | 1 2 3 4 5 6 |  6.2
Short Blades   | 1 2 3 4 5 |  5.7
Long Blades    | 1 2 3 4 5 |  5.7
Axes           | 1 2 3 4 5 |  5.7
Polearms       | 1 2 3 4 5 |  5.7
Staves         | 1 2 3 4 5 |  5.7
Slings         | 1 2 3 4 5 |  5.7
Bows           | 1 2 3 4 5 |  5.7
Dodging        | 1 2 3 4 5 |  5.7
Shields        | 1 2 3 4 5 |  5.7
Unarmed Combat | 1 2 3 4 5 |  5.7
Spellcasting   | 1 2 3 4 5 |  5.7
Evocations     | 1 2 3 4 5 |  5.7
Conjurations   | 1 2 3 4 |  4.7
Hexes          | 1 2 3 4 |  4.7
Charms         | 1 2 3 4 |  4.7
Summonings     | 1 2 3 4 |  4.7
Necromancy     | 1 2 3 4 |  4.7
Translocations | 1 2 3 4 |  4.7
Transmutations | 1 2 3 4 |  4.7
Fire Magic     | 1 2 3 4 |  4.7
Ice Magic      | 1 2 3 4 |  4.7
Air Magic      | 1 2 3 4 |  4.7
Earth Magic    | 1 2 3 4 |  4.7
Poison Magic   | 1 2 3 4 |  4.7
Fighting       | 3 4 5 6 |  6.3
Maces & Flails | 3 4 5 6 |  6.3
Crossbows      | 3 4 5 6 |  6.3
Throwing       | 3 4 5 6 |  6.3
Stealth        | 3 4 5 6 |  6.2

Action                   |  1- 3 |  4- 6 |  7- 9 | 10-12 || total
-------------------------+-------+-------+-------+-------++-------
Melee: Dagger            |   145 |    15 |       |       ||   160
       Bite              |    11 |    10 |    33 |    27 ||    81
       Flail             |       |    86 |   273 |   193 ||   552
       Punch             |       |     1 |     2 |     6 ||     9
       Unarmed           |       |       |     4 |       ||     4
 Fire: Hand crossbow     |    12 |    65 |   102 |    32 ||   211
Throw: Javelin           |    10 |     4 |       |       ||    14
Invok: Heroism           |       |       |       |     3 ||     3
Evoke: Wand              |       |       |     4 |       ||     4
  Use: Scroll            |     6 |     9 |     4 |     3 ||    22
       Potion            |       |     2 |     1 |     2 ||     5
 Stab: Invisible         |       |     1 |       |       ||     1
  Eat: Chunk             |     1 |     7 |     8 |     9 ||    25
       Ration            |       |     1 |     1 |       ||     2
Armor: Ring mail         |    98 |    67 |     7 |       ||   172
       Chain mail        |       |       |   251 |   123 ||   374
       Skin              |       |       |     1 |       ||     1
Dodge: Dodged            |    91 |    78 |   173 |   110 ||   452

Table legend:
 A = Non-vault XP
 B = Vault XP
 C = Vault XP percentage of total XP
 D = Non-vault monster count
 E = Vault monster count
 F = Vault count percentage of total count
                 A         B        C        D         E       F
            +---------+---------+-------+---------+---------+-------
      Total |    8085 |    1217 |  13.1 |     160 |      12 |   7.0
            +---------+---------+-------+---------+---------+-------
        D:1 |      24 |       0 |   0.0 |      15 |       0 |   0.0
        D:2 |      76 |       0 |   0.0 |      16 |       0 |   0.0
        D:3 |     114 |       0 |   0.0 |      23 |       0 |   0.0
        D:4 |     222 |      99 |  30.8 |       9 |       2 |  18.2
        D:5 |     443 |     155 |  25.9 |      15 |       4 |  21.1
        D:6 |    1088 |     256 |  19.0 |      27 |       4 |  12.9
        D:7 |     822 |     445 |  35.1 |      16 |       1 |   5.9
        D:8 |    4331 |     262 |   5.7 |      34 |       1 |   2.9
     Lair:1 |     965 |       0 |   0.0 |       5 |       0 |   0.0
            +---------+---------+-------+---------+---------+-------

Table legend:
 A = Turns spent in this place as a percentage of turns spent in the entire game.
 B = Non-inter-level travel turns spent in this place as a percentage of non-inter-level travel turns spent in the entire game.
 C = Inter-level travel turns spent in this place as a percentage of turns spent in this place.
 D = Turns resting spent in this place as a percentage of non-inter-level travel turns spent in this place.
 E = Turns spent auto-exploring this place as a percentage of non-inter-level travel turns spent in this place.
 F = Non-inter-level travel turns spent in this place divided by the number of levels of this place that you've seen.
                   A       B       C       D       E      F
               +-------+-------+-------+-------+-------+----------------------
         Total | 100.0 | 100.0 |   3.0 |  30.0 |  37.2 | 1044.3
       Dungeon |  92.1 |  91.8 |   3.3 |  28.8 |  37.9 | 1198.5
        Temple |   2.1 |   2.2 |   0.0 |   0.0 |  97.4 | 228.0
          Lair |   5.8 |   6.0 |   0.0 |  58.2 |   5.6 | 627.0
               +-------+-------+-------+-------+-------+----------------------

Vault maps used:
D:1:      tarquinn_simple_flora_water_a, hex_medium,
          chequers_serial_rivers_small_b
D:2:      chequers_temple_overflow_statue_of_worship
D:3:      chequers_serial_rivers_micro_d
D:4:      minmay_temple_entry_large_hall, kennysheep_diamond, uniq_blork_the_orc
D:5:      old_standard_altar, serial_corexii_hall, corexii_hall_statues_t,
          corexii_hall_statues_x, first_ration, minmay_misc_feat_hallway,
          roderic_lattice_a, dk_vineyard_2, grunt_ministairs_6,
          serial_park_tiny_2, minmay_ruined_shrine, uniq_ijyb
D:6:      old_standard_altar, kennysheep_opposing_triangles
D:7:      kennysheep_mini, kennysheep_little_box, cheibrodos_ashenzari_chains,
          uniq_joseph
D:8:      lair_entry_dummy, grunt_ministairs_15
Temple:   minmay_temple_curvy_branch
